The CCP's Strongest PLA Army Tactics

Match 21311556
End
Construct Barracks
Selects Airborne Battlegroup
Selects Airborne Battlegroup
Selects Airborne Battlegroup
Selects Pathfinders
Riflemen Squad
Riflemen Squad
Riflemen Squad
Infantry Support Center
Grenade Package
Selects Paratrooper Squad Paradrop
Paratrooper Squad Paradrop
M1918 Browning Automatic Rifles
Construct Medical Station
Munitions Surplus
Selects Anti-tank Gun Team Paradrop
Anti-tank Gun Team Paradrop
Anti-tank Gun Team Paradrop
Advanced Logistics
Selects Recon Loiter
Recon Loiter
Selects Paradrop Reinforcements
Paratrooper Squad Paradrop
Construct Tank Depot
Recon Loiter
Paradrop Reinforcements
M4(105) Sherman Bulldozer
Engineer Squad
Paratrooper Squad Paradrop
M4(105) Sherman Bulldozer
Recon Loiter
M18 Hellcat Tank Destroyer
咸阳肉夹馍凉皮冰峰
一条小团团
Hell's Greatest Dad
Qrek
0
0

Comments sign in to comment!

No comments posted yet!